 Dungeon Crawl Stone Soup version 0.29-a0-90-gc37658a0fe (webtiles) character file.

Game seed: 17719725598766346523

18 lordive the Chucker (level 2, -5/27 HPs)
             Began as a Troll Hunter on Feb 7, 2022.
             Slain by a gnoll (16 damage)
             ... on level 2 of the Dungeon.
             The game lasted 00:00:34 (469 turns).

lordive the Chucker (Troll Hunter)                   Turns: 469, Time: 00:00:35

Health: -5/27      AC:  4    Str: 19    XL:     2   Next: 48%
Magic:  1/1        EV:  9    Int:  7    God:
Gold:   23         SH:  0    Dex: 10    Spells: 1/1 levels left

rFire   . . .      SeeInvis .   (no weapon)
rCold   . . .      Faith    .   (no shield)
rNeg    . . .      Spirit   .   b - +0 robe
rPois   .          Reflect  .   (helmet restricted)
rElec   .          Harm     .   (no cloak)
rCorr   .          Rampage  .   (gloves unavailable)
Will    .....                   (boots unavailable)
Stlth   +.........              (no amulet)
HPRegen 0.89/turn               (no ring)
MPRegen 0.07/turn               (no ring)

@: no status effects
A: large, unfitting armour, claws 3, regeneration 1, shaggy fur 1, tough skin 1
a: no special abilities


You were on level 2 of the Dungeon.
You visited 1 branch of the dungeon, and saw 3 of its levels.

You collected 23 gold pieces.

Inventory:

Missiles
 c - 5 large rocks (quivered)
 d - 2 throwing nets
Armour
 b - a +0 robe (worn)
Wands
 f - a wand of polymorph (12)
Scrolls
 a - 2 scrolls of teleportation {unknown}
 e - a scroll of blinking {unknown}


   Skills:
 + Level 1.6 Fighting
 + Level 4.2 Throwing
 + Level 1.6 Dodging
 + Level 0.3 Stealth
 + Level 0.2 Unarmed Combat


You had one spell level left.
You didn't know any spells.
Your spell library was empty.

Dungeon Overview and Level Annotations

Branches:
Dungeon (3/15)

Altars:


Innate Abilities, Weirdness & Mutations

You are too large for most types of armour.
You have claws for hands.
Your natural rate of healing is unusually fast.
You are covered in fur. (AC +1)
You have tough skin. (AC +1)


Message History

The bat hits you.
There is a stone staircase leading up here.
You scratch the bat.
You kill the bat!
You have reached level 2!
f - a wand of polymorph (12)
A gnoll comes into view. It is wielding a +0 flail.
A gnoll comes into view. It is wielding a +0 halberd.
A gnoll comes into view. It is wielding a +0 flail.
You closely miss the gnoll.
The gnoll shouts! x2
The gnoll closely misses you.
You scratch the gnoll.
The gnoll is moderately wounded.
The gnoll hits you with a +0 flail.
You scratch the gnoll.
The gnoll is severely wounded.
A gnoll comes into view. It is wielding a +0 spear.
The gnoll misses you.
The gnoll shouts!
You claw the gnoll!
You kill the gnoll!
The gnoll barely misses you.
There is a stone staircase leading up here.
You can't go down here!
You climb upwards.
There is a stone staircase leading down here.
You climb downwards.
The gnoll hits you with a +0 halberd!
Ouch! That really hurt!
The gnoll hits you with a +0 halberd.
There is a stone staircase leading up, spattered with blood here.
The gnoll closely misses you.
You climb upwards.
There is a stone staircase leading down here.
You closely miss the gnoll. The gnoll hits you with a +0 halberd.
You scratch the gnoll.
The gnoll is moderately wounded.
The gnoll hits you with a +0 halberd!
Ouch! That really hurt!
You die...

###### ######....#####
.......##.....##############
#####..##.....##@.....[.....
#..##.....##g###.#########
#..##.######.##..........#
#.......# #.##.....####.###
#####.###.#.# #.##.###.#
#.#.# ..........#.# #.##.#
#.# #.#.# .......)....#
#.##.# #.# #.#.#
#####.##########.##.#
#.####'#'##
......#.............#
#.#........


You could see a gnoll.

Vanquished Creatures
  A gnoll (D:3)
  2 bats
  3 hobgoblins
  A kobold (D:1)
  A ball python (D:1)
8 creatures vanquished.

Notes
Turn   | Place    | Note
-------+----------+-------------------------------------------
     0 | D:1      | lordive the Troll Hunter began the quest for the Orb.
     0 | D:1      | Reached XP level 1. HP: 19/19 MP: 0/0
   412 | D:3      | Reached skill level 4 in Throwing
   434 | D:3      | Reached XP level 2. HP: 27/27 MP: 1/1
   469 | D:2      | Slain by a gnoll

Illustrated notes

Levels and vault maps discovered:
D:1:      matt_arrival_refuge, layout_loops_ring, amcnicky_mini_pool_small
D:2:      layout_basic, dreamdust_ecumenical_altar_hidden_monk_grotto,
          st_stairs_8
D:3:      layout_rooms, grunt_decor_cap

Skill      XL: |  1 |
---------------+----+-----
Throwing       | 4 |  4.2
Fighting       | |  1.6
Dodging        | |  1.6
Stealth        | |  0.3
Unarmed Combat | |  0.2

Action                   || total
-------------------------++-------
Melee: Unarmed           ||    21
Armor: Robe              ||     4
Dodge: Dodged            ||    15

Table legend: (Time is in decaauts)
 A = Elapsed time spent in this place.
 B = Non-inter-level travel time spent in this place.
 C = Inter-level travel time spent in this place.
 D = Time resting spent in this place.
 E = Time spent auto-exploring this place.
 F = Levels seen in this place.
 G = Mean time per level.
                   A        B        C        D        E       F      G
               +--------+--------+--------+--------+--------+-----+--------+
         Total |    470 |    416 |     54 |      0 |    335 |   3 |  156.7 |
       Dungeon |    470 |    416 |     54 |      0 |    335 |   3 |  156.7 |
               +--------+--------+--------+--------+--------+-----+--------+

Top non-repeatable levels by time:
     D:2: 276 daAuts
     D:1: 133 daAuts
     D:3: 60 daAuts
